 Dungeon Crawl Stone Soup version 0.31-a0-876-gfe8ebadbca (webtiles) character file.

Game seed: 9045137372219692591

2132 BinkBink the Trooper (level 9, -14/74 HPs)
             Began as a Demonspawn Hunter on Oct 13, 2023.
             Was a Believer of Dithmenos.
             Killed by an exploding gnoll (33 damage)
             ... ignited by their inner flame
             ... on level 6 of the Dungeon.
             The game lasted 00:07:44 (4198 turns).

BinkBink the Trooper (Demonspawn Hunter)            Turns: 4198, Time: 00:07:46

Health: -14/74     AC:  3    Str: 12    XL:     9   Next: 9%
Magic:  9/9        EV:  6    Int: 11    God:    Dithmenos [**....]
Gold:   322        SH:  0    Dex: 20    Spells: 8/8 levels left

rFire   . . .        a - +0 shortbow
rCold   . . .        (shield currently unavailable)
rNeg    . . .        c - +0 leather armour
rPois   .            (helmet restricted)
rElec   .            (no cloak)
rCorr   .            (no gloves)
SInv    +            (no boots)
Will    +....        e - amulet of regeneration
Stlth   ++           j - ring of see invisible
HPRegen 1.12/turn    n - ring of willpower
MPRegen 0.11/turn

%: no passive effects
@: lethally poisoned (-14 -> -34), held, wreathed by umbra
A: horns 1, ignite blood 2, powered by pain 1
a: Renounce Religion, Shadow Step


You were on level 6 of the Dungeon.
You worshipped Dithmenos.
Dithmenos was pleased with you.
You visited 1 branch of the dungeon, and saw 6 of its levels.

You collected 322 gold pieces.

Inventory:

Hand Weapons
 a - a +0 shortbow (weapon)
 s - a +3 short sword
Armour
 c - a +0 leather armour (worn)
Jewellery
 e - an amulet of regeneration (around neck)
 j - a ring of see invisible (left hand)
 n - a ring of willpower (right hand)
 x - a ring of fire
Wands
 A - a wand of polymorph (13)
Scrolls
 f - 2 scrolls of noise {unknown}
 h - 2 scrolls of fear {unknown}
 k - 3 scrolls of amnesia {unknown}
 m - a scroll of summoning {unknown}
 o - 3 scrolls of enchant weapon {unknown}
 p - a scroll of brand weapon {unknown}
 r - a scroll of fog {unknown}
 u - a scroll of enchant armour {unknown}
 w - 2 scrolls of teleportation {unknown}
 y - a scroll of revelation
Potions
 g - a potion of magic {unknown}
 i - 4 potions of curing
 l - a potion of might {unknown}
 t - a potion of resistance
 v - a potion of ambrosia


   Skills:
 + Level 7.8 Fighting
 + Level 4.8 Short Blades
 + Level 7.8 Ranged Weapons
 - Level 1.7 Dodging
 - Level 0.8 Stealth


You had 8 spell levels left.
You didn't know any spells.
Your spell library contained the following spells:

 Spells                   Type           Power      Damage    Failure   Level
 Shock                    Conj/Air       0%         1d3       41%         1
 Sublimation of Blood     Necr           0%         N/A       56%         2
 Swiftness                Air            0%         N/A       80%         3
 Airstrike                Air            0%         2d(0-16)  99%         4
 Petrify                  Tmut/Erth      0%         N/A       99%         4
 Irradiate                Conj/Tmut      0%         3d11      100%        5


Dungeon Overview and Level Annotations

Branches:
Dungeon (6/15)             Temple (0/1) D:5

Altars:
Dithmenos

Shops:
D:1 :   D:5 *


Innate Abilities, Weirdness & Mutations

You have a pair of small horns on your head.
Your demonic aura often causes spilled blood to erupt in flames.
You sometimes gain a little power by taking damage.


Message History

The arrow hits the gnoll.
The gnoll is moderately wounded.
You feel sick.
You shoot an arrow. The arrow hits the gnoll!
You kill the gnoll!
Dithmenos accepts your kill.
You feel sick. The killer bee closely misses you. x3
You feel sick.
The killer bee attacks as it pursues you!
The killer bee closely misses you.
The killer bee attacks as it pursues you!
The killer bee closely misses you. x2; The gnoll throws a throwing net.
The throwing net hits you.
You become entangled in the net!
Things that are here:
a throwing net; a throwing net
As you read the scroll labelled NAXKUR RELEJOF, it crumbles to dust.
The creatures around you are filled with an inner flame!
It was a scroll of immolation.
You feel sick. The killer bee stings you.
You are more poisoned.
The killer bee poisons you! The killer bee stings you! x2
You are more poisoned.
The killer bee poisons you! The killer bee stings you!
* * * LOW HITPOINT WARNING * * *
You are more poisoned.
The killer bee poisons you! The killer bee stings you!
* * * LOW HITPOINT WARNING * * *
You feel much better.
You feel very sick. The killer bee barely misses you.
The killer bee stings you but does no damage.
The killer bee stings you! The killer bee barely misses you.
The killer bee stings you!
You are more poisoned.
The killer bee poisons you! The killer bee stings you.
* * * LOW HITPOINT WARNING * * *
The gnoll is engulfed in blazing flames.
Dithmenos accepts your kill.
The gnoll explodes!
The fiery explosion engulfs you!!
You die...

.....# ....... .....# .......
.....####++####.. .......
.......#......... .....#
.##...##....# ..)..#
#####.#..#..## .)...## #
#.#..##..#####)§..... #
##.#.####..##yyg....# ## #....#
##.(§@y§....# .###....#
#..##☼§....# .......###
#.###.§.....# .........
...##...§..... # ##. .........
##......###..#. .#.. ......####
##.....###.## ... . ...†....##
#.##..##.## #.# . .........####.#
#....# ##.# #.
..............####...#####..###..


You could see 3 killer bees and a gnoll (inner flame).

Vanquished Creatures
  Pikel (D:5)
  Menkaure (D:5)
  A water moccasin (D:5)
  2 black bears (D:3)
  3 ogres
  2 lemures (D:4)
  Blork the orc (D:4)
  2 scorpions
  A gnoll sergeant (D:6)
  A water moccasin zombie (D:6)
  4 jellies
  2 hounds
  4 orc priests
  Terence (D:2)
  6 iguanas
  An orc wizard (D:5)
  Robin (D:1)
  8 gnolls (D:6)
  5 adders
  A howler monkey skeleton (D:6)
  3 ufetubi
  A worm (D:3)
  2 dart slugs
  17 orcs
  8 endoplasms
  6 giant cockroaches
  12 goblins
  9 hobgoblins
  2 jackals (D:1)
  4 kobolds
  A quokka (D:4)
  6 ball pythons
  6 bats
  A frilled lizard (D:1)
  2 rats
128 creatures vanquished.

Notes
Turn   | Place    | Note
-------+----------+-------------------------------------------
     0 | D:1      | BinkBink the Demonspawn Hunter began the quest for the Orb.
     0 | D:1      | Reached XP level 1. HP: 16/16 MP: 1/1
   226 | D:1      | Gained mutation: Your demonic aura sometimes causes spilled
                  | blood to erupt in flames. [demonic ancestry]
   226 | D:1      | Reached XP level 2. HP: 23/23 MP: 2/2
   377 | D:1      | Found a faded altar of an unknown god.
   553 | D:1      | Found Jiafuor's Vocational Training.
   776 | D:2      | Gained mutation: Your demonic aura often causes spilled
                  | blood to erupt in flames. [demonic ancestry]
   776 | D:2      | Reached XP level 3. HP: 29/29 MP: 3/3
   851 | D:2      | Reached XP level 4. HP: 35/35 MP: 4/4
   932 | D:2      | Identified the +2 helmet "Emiaq" {rC++ Str-4}
   932 | D:2      | Noticed Robin
  1097 | D:1      | Killed Robin
  1263 | D:2      | Noticed Terence
  1268 | D:2      | Killed Terence
  1395 | D:3      | Reached XP level 5. HP: 42/42 MP: 5/5
  1468 | D:3      | Found a shadowy altar of Dithmenos.
  1522 | D:3      | Became a worshipper of Dithmenos the Shadowed
  1638 | D:3      | Reached skill level 5 in Ranged Weapons
  1654 | D:3      | Noticed a black bear
  1666 | D:3      | Killed a black bear
  1667 | D:3      | Gained mutation: You have a pair of small horns on your
                  | head. [demonic ancestry]
  1667 | D:3      | Reached XP level 6. HP: 49/49 MP: 6/6
  1806 | D:3      | Reached skill level 5 in Fighting
  2285 | D:4      | Noticed Blork the orc
  2287 | D:4      | Killed Blork the orc
  2288 | D:4      | Reached XP level 7. HP: 56/56 MP: 7/7
  2383 | D:4      | Reached skill level 1 in Short Blades
  2577 | D:4      | Reached * piety under Dithmenos
  2711 | D:5      | Entered Level 5 of the Dungeon
  2754 | D:5      | Noticed Menkaure
  2770 | D:5      | Killed Menkaure
  2972 | D:5      | Gained mutation: You sometimes gain a little power by
                  | taking damage. [demonic ancestry]
  2972 | D:5      | Reached XP level 8. HP: 65/65 MP: 8/8
  3139 | D:5      | Noticed Pikel
  3301 | D:5      | Killed Pikel
  3324 | D:5      | Found Avvoam's Serpentskin Sales.
  3548 | D:5      | Found a staircase to the Ecumenical Temple.
  4102 | D:6      | Reached ** piety under Dithmenos
  4119 | D:6      | Reached XP level 9. HP: 71/73 MP: 9/9
  4198 | D:6      | Killed by an exploding gnoll... ignited by their inner
                  | flame

Illustrated notes

Levels and vault maps discovered:
D:1:      minmay_arrival_glassed_features, layout_basic,
          hellmonk_ecumenical_altar_arch_garden, nicolae_shop_vocational
D:2:      layout_rooms, uniq_terence, uniq_robin
D:3:      layout_basic, gammafunk_temple_overflow_elements
D:4:      layout_gridville, supply_closet_lemuel, uniq_blork_the_orc
D:5:      layout_loops_cross, minmay_temple_entry_offerings,
          kennysheep_minor_cross, guppyfry_shop_venom, uniq_menkaure, uniq_pikel
D:6:      layout_layer_cave, serial_undead, serial_undead_a, serial_undead_b,
          serial_undead_f, serial_undead_c, ebering_ghost_sewer_f,
          kennysheep_generic_room_7

Skill      XL: |  1  2  3  4  5  6  7  8 |
---------------+-------------------------+-----
Ranged Weapons | 4 5 6 7 |  7.8
Fighting       | 3 4 5 6 7 |  7.8
Short Blades   | 2 4 |  4.8
Dodging        | |  1.7
Stealth        | |  0.8

Action                     |  1- 3 |  4- 6 |  7- 9 || total
---------------------------+-------+-------+-------++-------
  Melee: Short sword       |       |       |     8 ||     8
         Headbutt          |       |       |     2 ||     2
   Fire: Shortbow          |    53 |   133 |   217 ||   403
    Use: Scroll            |       |     3 |     6 ||     9
         Potion            |       |       |     1 ||     1
 Armour: Leather armour    |     9 |    52 |    56 ||   117
  Dodge: Dodged            |     9 |    50 |    55 ||   114

Table legend: (Time is in decaauts)
 A = Elapsed time spent in this place.
 B = Non-inter-level travel time spent in this place.
 C = Inter-level travel time spent in this place.
 D = Time resting spent in this place.
 E = Time spent auto-exploring this place.
 F = Levels seen in this place.
 G = Mean time per level.
                   A        B        C        D        E       F      G
               +--------+--------+--------+--------+--------+-----+--------+
         Total |   4256 |   4016 |    240 |    331 |   2937 |   6 |  709.3 |
       Dungeon |   4256 |   4016 |    240 |    331 |   2937 |   6 |  709.3 |
               +--------+--------+--------+--------+--------+-----+--------+

Top non-repeatable levels by time:
     D:1: 904 daAuts
     D:5: 885 daAuts
     D:4: 826 daAuts
     D:3: 695 daAuts
     D:2: 476 daAuts
     D:6: 468 daAuts
